 Dungeon Crawl Stone Soup version 0.24.0-13-gcf9b319 (webtiles) character file.

Game seed: 16251856889185637867, levelgen mode: deterministic

40611 Doobh the Fighter (level 13, -11/104 HPs)
             Began as a Demonspawn Gladiator on Jan 2, 2020.
             Was the Champion of Okawaru.
             Killed from afar by Azrael (34 damage)
             ... with damnation
             ... on level 14 of the Dungeon on Jan 3, 2020.
             The game lasted 01:36:11 (25546 turns).

Doobh the Fighter (Demonspawn Gladiator)           Turns: 25546, Time: 01:36:11

Health: -11/104    AC: 26    Str: 27    XL:     13   Next: 75%
Magic:  17/17      EV: 12    Int:  7    God:    Okawaru [******]
Gold:   365        SH:  9    Dex: 20    Spells: 5/12 levels left

rFire    + + .     SeeInvis .   I - +8 rapier "Batoina" {venom, MR+ Str+7 Dex+3}
rCold    + . .     Gourm    .   w - +3 buckler of Xaduph {rC+ MR+ Regen+}
rNeg     . . .     Faith    .   T - +2 crystal plate armour
rPois    .         Spirit   .   b - +0 helmet
rElec    .         Reflect  .   P - +2 cloak {MR+}
rCorr    +         Harm     .   (no gloves)
MR       +++..                  (no boots)
Stlth    ..........             G - amulet of rage
HPRegen  0.67/turn              i - ring of resist corrosion
MPRegen  0.15/turn              M - ring of protection from fire

@: about to teleport
A: talons 2, agile 1, demonic guardian 1, dopey 1, fire resistance 1, spiny 1,
augmentation 1, sturdy frame 3
a: Heroism, Finesse, Renounce Religion, Evoke Berserk Rage


You were on level 14 of the Dungeon.
You worshipped Okawaru.
Okawaru was exalted by your worship.
You were not hungry.

You visited 2 branches of the dungeon, and saw 15 of its levels.
You also visited: Ossuary, Bailey and Gauntlet.

You collected 967 gold pieces.
You spent 602 gold pieces at shops.

Inventory:

Hand Weapons
 I - the +8 rapier "Batoina" (weapon) {venom, MR+ Str+7 Dex+3}
   (Okawaru gifted it to you on level 11 of the Dungeon)

   It poisons the flesh of those it strikes.
   It affects your strength (+7).
   It affects your dexterity (+3).
   It affects your resistance to hostile enchantments.
Missiles
 k - 29 javelins (quivered)
 q - 24 boomerangs
 u - 40 poisoned darts
 C - 8 atropa-tipped darts
 O - 8 silver javelins
Armour
 b - a +0 helmet (worn)
 w - the +3 buckler of Xaduph (worn) {rC+ MR+ Regen+}
   (Okawaru gifted it to you on level 12 of the Dungeon)

   It protects you from cold.
   It affects your resistance to hostile enchantments.
   It increases your rate of regeneration.
 P - a +2 cloak of magic resistance (worn)
 T - a +2 crystal plate armour (worn)
Magical Staves
 X - an uncursed staff of wizardry {unknown}
Jewellery
 e - the amulet of Light {Reflect *Corrode Str+4 SH+3 Stlth+, unknown}
   (You found it in a Gauntlet)

   [amulet of reflection]

   It shields you and reflects attacks.
   It affects your strength (+4).
   It may corrode you when you take damage.
   It affects your SH (+3).
   It makes you more stealthy.
 i - a ring of resist corrosion (left hand)
 n - an uncursed ring of protection from fire
 E - an uncursed amulet of magic regeneration
 G - an amulet of rage (around neck)
 M - a ring of protection from fire (right hand)
 N - an uncursed ring of wizardry
Wands
 j - a wand of polymorph (13)
 F - a wand of paralysis (9)
 J - a wand of acid (13)
 Q - a wand of clouds (1)
 U - a wand of digging (3)
 Y - a wand of flame (18)
Scrolls
 g - 7 scrolls of teleportation
 h - 6 scrolls of amnesia
 l - 3 scrolls of magic mapping
 o - a scroll of identify
 s - 3 scrolls of remove curse
 v - 5 scrolls of enchant weapon
 x - 4 scrolls of brand weapon
 A - a scroll of fog
Potions
 f - 3 potions of flight
 p - 2 potions of brilliance
 t - 2 potions of agility
 D - 3 potions of lignification {unknown}
 H - 2 potions of might
 K - a potion of berserk rage
 L - 2 potions of magic
Comestibles
 d - 18 rations
 B - 7 chunks of flesh


   Skills:
 + Level 10.7 Fighting
 - Level 10.0 Short Blades
   Level 4.4 Maces & Flails
 - Level 10.0 Throwing
 * Level 8.6 Armour
 - Level 6.3 Dodging
 * Level 5.3 Shields
 - Level 5.0 Unarmed Combat
 + Level 6.0 Invocations
 + Level 4.5 Evocations


You had 5 spell levels left.
You knew the following spells:

 Your Spells              Type           Power        Failure   Level  Hunger
a - Blink                 Tloc           N/A          99%         2    ###....
b - Slow                  Hex            #.......     99%         2    ###....
c - Mephitic Cloud        Conj/Pois/Air  #.......     100%        3    ####...

Your spell library contained the following spells:

 Spells                   Type           Power        Failure   Level  Hunger
 Corona                   Hex            #......      98%         1    ##.....
 Magic Dart               Conj           #...         98%         1    ##.....
 Call Imp                 Summ           #.......     99%         2    ###....
 Conjure Flame            Conj/Fire      #.......     100%        3    ####...
 Inner Flame              Hex/Fire       #.......     100%        3    ####...
 Portal Projectile        Hex/Tloc       #.....       100%        3    ####...
 Cause Fear               Hex            #.........   100%        4    #####..
 Leda's Liquefaction      Hex/Erth       #.........   100%        4    #####..
 Summon Lightning Spire   Summ/Air       #.......     100%        4    #####..
 Silence                  Hex/Air        #.........   100%        5    ######.
 Conjure Ball Lightning   Conj/Air       #.........   100%        6    #######
 Deflect Missiles         Chrm/Air       #.........   100%        6    #######
 Tornado                  Air            #.........   100%        9    #######


Dungeon Overview and Level Annotations

Branches:
Dungeon (14/15)            Temple (1/1) D:5            Lair (0/6) D:9
    Orc (0/2) D:9          Vaults (0/5) D:13        Ossuary (visited)
 Bailey (visited)         Gauntlet (visited)

Altars:
Ashenzari
Cheibriados
Dithmenos
Elyvilon
Fedhas
Gozag
Hepliaklqana
Kikubaaqudgha
Makhleb
Nemelex Xobeh
Okawaru
Qazlal
Ru
Sif Muna
Trog
Uskayaw
Vehumet
Wu Jian
Xom
Yredelemnul
Zin
The Shining One

Shops:
D:11 [![*%

Annotations:
D:3 Grinder
D:11 Doobh's ghost, journeyman DsGl
D:14 Azrael


Innate Abilities, Weirdness & Mutations

You have razor-sharp toenails.
A weak demonic guardian rushes to your aid.
You are partially covered in sharp spines.
Your magical and physical power is slightly enhanced at high health.
Your movements are significantly less encumbered by armour. (ER -6)
You are agile. (Dex +2)
You are dopey. (Int -2)
Your flesh is heat resistant. (rF+)


Message History

You puncture Azrael! You claw Azrael, but do no damage.
Azrael is severely wounded.
You puncture Azrael! You claw Azrael!
Azrael is almost dead.
Azrael gestures at you.
The sphere of damnation explodes!
The damnation engulfs you!!!
* * * LOW HITPOINT WARNING * * *
The damnation engulfs your white imp!!
Your white imp dies!
The damnation engulfs Azrael.
Azrael completely resists.
You hear a shout!
Okay, then.
Okay, then.
You feel better.
Azrael drinks a potion.
Azrael is healed!
As you read the scroll of teleportation, it crumbles to dust.
You feel strangely unstable.
An orc wizard comes into view. It is wielding a +0 dagger.
Azrael gestures at you.
The sphere of damnation explodes!
The damnation engulfs you!!
You die...

#....#.#.#....####....###'##....#
#.####.#.####....#.##.#....#.#..#
#.#....#....#....#....######....#
#.'.#######.+....###### ###...
#=#....#....#...... #.##
#)####.#.####.###### ###...
#.)..#.#.#.......... .......
###..#...#......#######+ #######
#..##+##......@....... ...
#........######R###### ###
#.....#### ... #.....# o....
#.#...# ....... #.....# .......
#.....# ......$ #..##.# .....o.
#.. ..#


You could see Azrael, an orc wizard and an orc.

Vanquished Creatures
  Agnes (D:14)
  A minotaur (Gauntlet)
  Snorg (D:13)
  A fire dragon (D:11)
  A centaur warrior (D:14)
  A catoblepas (D:13)
  4 two-headed ogres
  3 unseen horrors
  2 orc knights (Bailey)
  2 deep elf magi
  2 cyclopes
  A cyclops (shapeshifter) (D:13)
  2 manticores (D:12)
  10 ugly things
  Joseph (D:10)
  Maurice (D:9)
  A centaur skeleton (D:13)
  A komodo dragon (shapeshifter) (Gauntlet)
  4 trolls
  A queen bee (shapeshifter) (D:13)
  4 hornets
  A meliai zombie (D:13)
  5 hippogriffs
  3 slime creatures (D:13)
  7 shadows
  A wyvern (D:11)
  A hungry ghost (D:13)
  A basilisk (D:11)
  33 yaks
  2 wraiths
  4 hogs (D:9)
  3 fire elementals (D:14)
  A human (D:9)
  A warg (D:9)
  3 vampire mosquitoes (D:13)
  A soldier ant (D:11)
  3 hell hounds (D:14)
  16 orc warriors
  5 ice beasts
  An eye of draining (D:7)
  A phantom (D:9)
  2 black bears
  4 centaurs
  5 sky beasts
  10 ogres
  5 necrophages
  3 wolves (D:9)
  A crocodile (shapeshifter) (Gauntlet)
  2 big kobolds
  6 bullfrogs
  A wyvern zombie (D:9)
  15 scorpions
  6 killer bees
  3 howler monkeys
  7 wights
  5 electric eels (D:9)
  5 crimson imps
  3 bullfrog zombies
  9 centaur zombies
  A quasit (D:8)
  5 jellies
  3 human zombies (Ossuary)
  15 orc priests
  5 bullfrog skeletons
  A gnoll shaman (D:10)
  8 hounds
  10 iguanas
  An iguana (shapeshifter) (D:13)
  22 orc wizards
  7 worker ants
  2 killer bee zombies
  2 big kobold zombies (Ossuary)
  3 hound zombies
  A hound skeleton (D:7)
  3 mummies (Ossuary)
  A howler monkey zombie (D:5)
  4 scorpion zombies (Ossuary)
  11 gnolls
  17 adders
  3 shadow imps
  3 oozes
  An adder skeleton (D:9)
  An adder zombie (D:8)
  2 worms
  A dart slug (D:1)
  6 leopard geckos
  82 orcs
  10 bats
  3 giant cockroaches
  A gnoll zombie (Ossuary)
  9 hobgoblins
  18 jackals
  6 quokkas
  11 frilled lizards
  8 goblins
  A hobgoblin zombie (Ossuary)
  12 kobolds
  2 kobold zombies (Ossuary)
  3 orc zombies (Ossuary)
  2 quokka zombies (D:5)
  6 rats
543 creatures vanquished.

Vanquished Creatures (collateral kills)
  A vampire mosquito (D:13)
  A wight (D:10)
  A centaur zombie (D:10)
  A hound zombie (D:10)
  2 orcs
  A jackal (D:11)
7 creatures vanquished.

Vanquished Creatures (others)
  A scorpion (Ossuary)
  An orc (D:9)
  A plant (Gauntlet)
3 creatures vanquished.

Grand Total: 553 creatures vanquished

Notes
Turn   | Place    | Note
-------+----------+-------------------------------------------
     0 | D:1      | Doobh the Demonspawn Gladiator began the quest for the Orb.
     0 | D:1      | Reached XP level 1. HP: 16/16 MP: 1/1
   193 | D:1      | Gained mutation: Your movements are slightly less
                  | encumbered by armour. (ER -2) [demonic ancestry]
   193 | D:1      | Reached XP level 2. HP: 22/22 MP: 2/2
   798 | D:1      | Reached XP level 3. HP: 27/28 MP: 3/3
  1111 | D:2      | Reached skill level 1 in Armour
  1125 | D:2      | Found a bloodstained altar of Trog.
  1139 | D:2      | Found a glowing golden altar of the Shining One.
  1507 | D:2      | Gained mutation: Your movements are less encumbered by
                  | armour. (ER -4) [demonic ancestry]
  1507 | D:2      | Reached XP level 4. HP: 14/34 MP: 4/4
  2754 | D:3      | Reached XP level 5. HP: 37/40 MP: 5/5
  3711 | D:3      | Noticed Grinder
  3718 | D:3      | Paralysed by Grinder for 3 turns
  4038 | D:4      | Gained mutation: Your movements are significantly less
                  | encumbered by armour. (ER -6) [demonic ancestry]
  4038 | D:4      | Reached XP level 6. HP: 18/47 MP: 6/6
  4501 | D:4      | Found a sacrificial altar of Ru.
  4921 | D:4      | Gained mutation: You are clumsy. (Dex -2) [potion of
                  | mutation]
  4921 | D:4      | Gained mutation: Your spells are a little easier to cast,
                  | but a little less powerful. [potion of mutation]
  4921 | D:4      | Gained mutation: You are somewhat resistant to further
                  | mutation. [potion of mutation]
  5570 | D:3      | Reached XP level 7. HP: 29/53 MP: 7/7
  5992 | D:5      | Entered Level 5 of the Dungeon
  6009 | D:5      | Found a sand-covered staircase.
  6017 | Ossuary  | Entered an ossuary
  7203 | Ossuary  | Gained mutation: You have sharp toenails. [demonic
                  | ancestry]
  7203 | Ossuary  | Reached XP level 8. HP: 61/61 MP: 8/8
  8641 | D:5      | Reached skill level 5 in Fighting
  8641 | D:5      | Reached skill level 5 in Dodging
  8641 | D:5      | Reached skill level 5 in Unarmed Combat
  8836 | D:5      | Reached skill level 1 in Maces & Flails
  9501 | D:5      | Found a staircase to the Ecumenical Temple.
  9517 | Temple   | Entered the Ecumenical Temple
  9610 | Temple   | Became a worshipper of Warmaster Okawaru
 10971 | D:6      | Reached skill level 5 in Throwing
 10971 | D:6      | Reached XP level 9. HP: 66/68 MP: 9/9
 11397 | D:6      | Got a twisted rapier
 12425 | D:6      | Found a radiant altar of Vehumet.
 12425 | D:6      | Found a hazy altar of Hepliaklqana.
 13614 | D:7      | Reached * piety under Okawaru
 13614 | D:7      | Reached skill level 5 in Armour
 13954 | D:7      | Found an ancient bone altar of Kikubaaqudgha.
 14161 | D:7      | Identified the +12 rapier of the Sun {venom, rC+ Dex+8}
                  | (You found it on level 6 of the Dungeon)
 14298 | D:8      | Reached skill level 1 in Short Blades
 14775 | D:8      | Noticed a deep elf mage
 14785 | D:8      | Killed a deep elf mage
 14785 | D:8      | Reached ** piety under Okawaru
 14785 | D:8      | Gained mutation: You have razor-sharp toenails. [demonic
                  | ancestry]
 14785 | D:8      | Reached XP level 10. HP: 58/77 MP: 10/10
 15537 | D:9      | Found a staircase to the Orcish Mines.
 15540 | D:9      | Noticed a two-headed ogre
 15808 | D:9      | Killed a two-headed ogre
 15808 | D:9      | Reached *** piety under Okawaru
 15858 | D:9      | Reached skill level 5 in Short Blades
 16093 | D:9      | Reached **** piety under Okawaru
 16112 | D:9      | Received a gift from Okawaru
 16226 | D:9      | Noticed Maurice
 16237 | D:9      | Killed Maurice
 16237 | D:9      | Gained mutation: A weak demonic guardian rushes to your
                  | aid. [demonic ancestry]
 16237 | D:9      | Reached XP level 11. HP: 65/86 MP: 11/11
 16861 | D:9      | Found a staircase to the Lair.
 17292 | D:9      | Reached ***** piety under Okawaru
 17308 | D:9      | Received a gift from Okawaru
 17628 | D:10     | Entered Level 10 of the Dungeon
 17988 | D:10     | Received a gift from Okawaru
 18510 | D:10     | Noticed Joseph
 18531 | D:10     | Killed Joseph
 18900 | D:10     | Noticed a two-headed ogre
 18904 | D:10     | Noticed a two-headed ogre
 18907 | D:10     | Killed a two-headed ogre
 18913 | D:10     | Killed a two-headed ogre
 19299 | D:11     | Found Feew's Armour Shop.
 19299 | D:11     | Noticed a brown ugly thing
 19310 | D:11     | Killed a brown ugly thing
 19626 | D:11     | Found Otikip's General Store.
 19635 | D:11     | Bought a scroll of identify for 30 gold pieces
 19635 | D:11     | Bought a scroll of identify for 30 gold pieces
 19641 | D:11     | Noticed a fire dragon
 19733 | D:11     | Killed a fire dragon
 19733 | D:11     | Gained mutation: You are partially covered in sharp spines.
                  | [demonic ancestry]
 19733 | D:11     | Reached XP level 12. HP: 77/95 MP: 10/12
 19818 | D:11     | Found a runed translucent gate.
 19818 | D:11     | Found a runed translucent gate.
 19818 | D:11     | Found a runed translucent gate.
 19850 | D:11     | Found Jomuarr's Distillery.
 19858 | D:11     | Received a gift from Okawaru
 19874 | D:11     | Got a dazzling rapier {god gift}
 19875 | D:11     | Identified the +8 rapier "Batoina" {venom, MR+ Str+7 Dex+3}
                  | (Okawaru gifted it to you on level 11 of the Dungeon)
 19886 | D:11     | Bought a potion of agility for 68 gold pieces
 19886 | D:11     | Bought a potion of mutation for 136 gold pieces
 19886 | D:11     | Bought a potion of ambrosia for 136 gold pieces
 19886 | D:11     | Lost mutation: You are clumsy. (Dex -2) [potion of
                  | mutation]
 19886 | D:11     | Lost mutation: You are somewhat resistant to further
                  | mutation. [potion of mutation]
 19886 | D:11     | Lost mutation: Your spells are a little easier to cast, but
                  | a little less powerful. [potion of mutation]
 19886 | D:11     | Gained mutation: You are dopey. (Int -2) [potion of
                  | mutation]
 19886 | D:11     | Gained mutation: Your flesh is heat resistant. (rF+)
                  | [potion of mutation]
 19886 | D:11     | Gained mutation: You are agile. (Dex +2) [potion of
                  | mutation]
 20005 | D:11     | Found Miuf's Food Boutique.
 20032 | D:11     | Bought a ration for 65 gold pieces
 20032 | D:11     | Bought a ration for 65 gold pieces
 20105 | D:11     | Noticed Doobh's ghost (journeyman DsGl)
 20106 | D:11     | Noticed a minotaur
 20166 | D:11     | Found Hetevomo's Armour Boutique.
 21009 | D:12     | Reached skill level 1 in Invocations
 21052 | D:12     | Reached skill level 1 in Evocations
 21080 | D:12     | Found a shimmering altar of Xom.
 21121 | D:12     | Received a gift from Okawaru
 21143 | D:12     | Found a flagged portal.
 21162 | Bailey   | Entered a bailey
 21651 | Bailey   | Reached skill level 10 in Short Blades
 21887 | D:11     | Bought a +0 buckler for 72 gold pieces
 21895 | D:11     | Learned a level 2 spell: Blink
 21898 | D:11     | Learned a level 2 spell: Slow
 21902 | D:11     | Learned a level 3 spell: Mephitic Cloud
 22435 | D:12     | Reached skill level 1 in Shields
 22755 | D:12     | Received a gift from Okawaru
 22755 | D:12     | Reached skill level 10 in Fighting
 22758 | D:12     | Got a dazzling buckler {god gift}
 22769 | D:12     | Identified the +3 buckler of Xaduph {rC+ MR+ Regen+}
                  | (Okawaru gifted it to you on level 12 of the Dungeon)
 23428 | D:13     | Noticed a catoblepas
 23440 | D:13     | Killed a catoblepas
 23490 | D:13     | Noticed a two-headed ogre
 23508 | D:13     | Gained mutation: Your magical and physical power is
                  | slightly enhanced at high health. [demonic ancestry]
 23508 | D:13     | Reached XP level 13. HP: 103/103 MP: 15/15
 23530 | D:13     | HP: 1/103 [enormous slime creature (68)]
 23575 | D:13     | Found a gate to the Vaults.
 23635 | D:13     | Found a gate leading to a gauntlet.
 23647 | Gauntlet | Entered a Gauntlet
 23647 | Gauntlet | Found a transporter.
 23680 | Gauntlet | Found a transporter.
 23682 | Gauntlet | Found a transporter.
 23693 | Gauntlet | Found a transporter.
 23699 | Gauntlet | Noticed a green death
 23702 | Gauntlet | Found a transporter.
 23714 | Gauntlet | Found a runed translucent door.
 23718 | Gauntlet | Found a transporter.
 23727 | Gauntlet | Found a transporter.
 23737 | Gauntlet | Found a transporter.
 23738 | Gauntlet | Found a runed translucent door.
 23746 | Gauntlet | Found a runed translucent door.
 23752 | Gauntlet | Found a transporter.
 23767 | Gauntlet | Found a transporter.
 23814 | Gauntlet | Found a transporter.
 23828 | Gauntlet | Found a transporter.
 23838 | Gauntlet | Found a transporter.
 24058 | Gauntlet | Got a glittering amethyst amulet
 24099 | Gauntlet | Identified the +6 great sword "Amumolob" {flame, rF+ rN+
                  | Dex-2}
 24099 | Gauntlet | Noticed a minotaur
 24114 | Gauntlet | Killed a minotaur
 24114 | Gauntlet | Reached skill level 10 in Throwing
 24695 | D:13     | Reached ****** piety under Okawaru
 24695 | D:13     | Received a gift from Okawaru
 24695 | D:13     | Reached skill level 5 in Invocations
 24738 | D:13     | Noticed Snorg
 24752 | D:13     | Killed Snorg
 25025 | D:13     | Received a gift from Okawaru
 25319 | D:14     | Received a gift from Okawaru
 25447 | D:14     | Noticed Agnes
 25453 | D:14     | Killed Agnes
 25453 | D:14     | Reached skill level 5 in Shields
 25509 | D:14     | Noticed Azrael
 25526 | D:14     | Received a gift from Okawaru
 25546 | D:14     | Killed from afar by Azrael

Levels and vault maps discovered:
D:1:      saegor_arrival_under_anarchy, layout_basic
D:2:      layout_rooms, amethyst_overflow_temple_binary
D:3:      layout_basic, minivault_27, uniq_grinder
D:4:      layout_loops_corners, nicolae_overflow_crystal_walls, first_ration
D:5:      layout_gridville, minmay_temple_entry_glassed_door, enter_ossuary_4
D:6:      layout_layer_cave, chequers_temple_overflow_statue_of_worship
D:7:      layout_gridville, kiku_gazebo_garden_becter
D:8:      layout_basic
D:9:      layout_roguey, erik_lair_island, erik_orc_3, grunt_livestock,
          kennysheep_generic_room_6, uniq_maurice
D:10:     layout_stronghold, serial_undead, serial_undead_f, serial_undead_a,
          serial_undead_f, serial_undead_e, serial_undead_c, serial_undead_c,
          serial_undead_f, serial_undead_f, minivault_1, uniq_joseph
D:11:     layout_basic, serial_shops, nicolae_shop_behind_doors, shop_statue,
          nicolae_shop_temple_entry_statues_fountains, nicolae_shop_statue_plus,
          shop, maelrawn_ghost_gauntlet_escape
D:12:     layout_stronghold, enter_bailey_7, xom_teletrap_fun
D:13:     layout_loops_ring, david_vaults_2, gauntlet_entry_generic, uniq_snorg
D:14:     layout_stronghold, nicolae_ru_awakened_eye, roderic_filled_cross,
          uniq_agnes, uniq_josephine, uniq_azrael, uniq_nessos
Temple:   lightli_temple_of_artemis

Skill      XL: |  1  2  3  4  5  6  7  8  9 10 11 12 13 |
---------------+----------------------------------------+-----
Throwing       | 2 3 4 5 7 8 9 10 | 10.0
Dodging        | 3 4 5 6 |  6.3
Unarmed Combat | 3 4 5 |  5.0
Armour         | 1 2 3 4 5 6 7 8 |  8.6
Fighting       | 3 4 5 6 7 9 10 | 10.7
Maces & Flails | 2 4 |  4.4
Short Blades   | 2 6 9 10 | 10.0
Invocations    | 3 6 |  6.0
Evocations     | 2 4 |  4.5
Shields        | 2 5 |  5.3

Action                   |  1- 3 |  4- 6 |  7- 9 | 10-12 | 13-15 || total
-------------------------+-------+-------+-------+-------+-------++-------
Melee: Unarmed           |   192 |   387 |   326 |       |       ||   905
       Punch             |     3 |     6 |    17 |    21 |       ||    47
       Whip              |       |       |   321 |       |       ||   321
       Kick              |       |       |   140 |   294 |   132 ||   566
       Rapier            |       |       |    54 |   645 |   238 ||   937
Throw: Boomerang         |       |     4 |       |    23 |       ||    27
       Throwing net      |       |       |     4 |     3 |       ||     7
       Javelin           |       |       |     4 |    36 |       ||    40
       Dart              |       |       |       |     7 |       ||     7
 Abil: Evoke Berserk Rag |       |       |       |       |     1 ||     1
Evoke: Wand              |       |       |       |    13 |       ||    13
  Use: Scroll            |       |     2 |    13 |    17 |     9 ||    41
       Potion            |       |     3 |     3 |     5 |     2 ||    13
 Stab: Sleeping          |     3 |       |     1 |       |       ||     4
       Held in net/web   |       |       |     2 |     3 |       ||     5
       Paralysed         |       |       |       |     5 |       ||     5
       Invisible         |       |       |       |     2 |       ||     2
       Distracted        |       |       |       |     7 |       ||     7
  Eat: Chunk             |     2 |    12 |    14 |    22 |     3 ||    53
       Ration            |       |     1 |     4 |     2 |     1 ||     8
Armor: Leather armour    |    62 |       |       |       |       ||    62
       Scale mail        |       |   100 |   171 |   105 |       ||   376
       Ice dragon scales |       |       |       |    29 |    16 ||    45
       Crystal plate arm |       |       |       |       |    48 ||    48
Dodge: Dodged            |   133 |   247 |   410 |   361 |    52 ||  1203
Block: Buckler           |       |       |       |    29 |    71 ||   100
